Map: Crimson Research Lab LE

Players

Sindyr

  • Race: Zerg Zerg
  • League: Master
  • Spawn Location: 5:00

Siliatra

  • Race: Protoss Protoss
  • Spawn Location: 5:00

Zeratool

  • Race: Protoss Protoss
  • League: Platinum
  • Spawn Location: 11:00

Outsider

  • Race: Zerg Zerg
  • League: Platinum
  • Spawn Location: 11:00

VOD

Have the link to the VOD?

Description

Time

  • Played on: Sept. 18, 2025, 3:58 p.m.
  • Length: 16:09
Show
View Real Time Build Order
Export as new Build Order

Sindyr Zerg 

Build Orders: Hatch First 

Get SALT Encoding   

  12  0:02  Drone  
  13  0:12  Overlord  
  13  0:23  Drone  
  14  0:35  Drone x3  
  17  0:54  Hatchery  
  16  1:03  Drone x2  
  18  1:09  Extractor  
  17  1:17  Spawning Pool  
  16  1:18  Drone  
  17  1:30  Drone x2  
  19  1:51  Overlord  
  19  2:06  Queen  
  19  2:07  Drone  
  19  2:08  Drone x2  
  26  2:18  Zergling x4  
  27  2:27  Metabolic Boost  
  25  2:33  Roach Warren  
  21  2:38  Zergling x2  
  21  2:39  Zergling x4  
  21  2:41  Queen  
  21  2:42  Zergling x2  
  26  2:51  Drone  
  26  2:57  Spine Crawler  
  26  3:04  Zergling x6  
  28  3:23  Drone  
  28  3:24  Drone x5  
  34  3:29  Drone  
  35  3:40  Lair  
  35  3:53  Overlord  
  35  3:59  Evolution Chamber  
  34  4:04  Zergling x2  
  34  4:05  Zergling x2  
  36  4:11  Zergling x2  
  36  4:12  Zergling x4, Roach x2  
  36  4:13  Zergling x2  
  44  4:26  Zerg Missile Weapons Level 1  
  44  4:38  Glial Reconstitution  
  44  4:43  Overlord  
  44  4:44  Overlord  
  44  5:11  Extractor  
  42  5:28  Zergling x14, Roach x5  
  53  5:29  Zergling x2, Roach  
  47  5:52  Spine Crawler x2  
  44  5:59  Spine Crawler  
  43  6:07  Drone x4  
  43  6:08  Drone x3  
  51  6:11  Drone x4  
  47  6:29  Queen  
  49  6:43  Zerg Missile Weapons Level 2  
  49  6:52  Drone  
  49  6:53  Drone x2  
  51  7:04  Zergling x2  
  51  7:05  Zergling x6  
  55  7:24  Zergling x2, Roach  
  55  7:25  Zergling x2  
  55  7:27  Overlord x2  
  59  7:47  Hatchery  
  59  7:48  Drone  
  59  7:49  Drone x4  
  63  7:52  Roach  
  63  7:55  Overseer  
  65  8:11  Extractor  
  65  8:12  Drone x3  
  67  8:21  Infestation Pit  
  67  8:23  Evolution Chamber, Overlord x2  
  65  8:29  Drone x2  
  65  8:30  Spine Crawler x2  
  65  8:31  Drone  
  66  8:59  Zerg Ground Armor Level 1, Hive  
  66  9:03  Zerg Melee Weapons Level 1  
  66  9:09  Roach  
  70  9:10  Roach x6  
  70  9:11  Roach, Zergling x4  
  70  9:13  Zergling x2  
  85  9:19  Queen  
  87  9:28  Drone x4  
  69  10:17  Zergling x2, Roach x8  
  69  10:18  Zergling x6, Roach x4  
  79  10:28  Extractor  
  70  10:37  Roach x6  
  82  10:47  Overseer  
  75  11:11  Zergling x4, Roach x3  
  75  11:12  Zergling x8, Roach x4  
  62  11:40  Drone x10  
  72  12:01  Extractor x2  
  72  12:06  Zerg Missile Weapons Level 3  
  72  12:07  Overseer  
  72  12:08  Overseer  
  70  12:09  Hatchery  
  69  12:17  Pneumatized Carapace  
  69  12:27  Zerg Ground Armor Level 2  
  69  12:31  Zergling x26  
  69  12:32  Overlord  
  69  12:33  Overlord x2  
  47  13:07  Zergling x14, Roach x6  
  47  13:08  Roach x2, Zergling x2  
  63  13:13  Roach  
  63  13:16  Zergling x2  
  59  13:53  Overseer x2  
  34  14:18  Queen  
  34  14:20  Drone  
  34  14:21  Drone x2  
  34  14:24  Drone x10  
  49  14:43  Drone x2  
  51  14:51  Roach x4  
  59  14:58  Extractor  
  58  15:07  Drone, Spore Crawler  
  58  15:08  Spore Crawler x2, Drone  
  57  15:20  Roach x8  
  73  15:23  Overlord  
  58  15:44  Hatchery  
  54  15:50  Zergling x2  
  54  15:51  Zergling x2  
Show
View Real Time Build Order
Export as new Build Order

Siliatra Protoss 

Build Orders: 1 Gate Expand 

Get SALT Encoding   

  12  0:00  Probe  
  13  0:12  Probe  
  14  0:18  Pylon  
  14  0:24  Probe  
  15  0:36  Probe  
  15  0:39  Gateway  
  16  0:45  Assimilator  
  16  0:49  Probe  
  17  1:01  Probe  
  18  1:13  Probe  
  19  1:25  Probe  
  19  1:30  Nexus  
  20  1:43  Pylon  
  20  1:46  Probe  
  21  1:53  Cybernetics Core  
  21  1:58  Probe  
  22  2:02  Assimilator  
  22  2:11  Probe, Zealot  
  25  2:23  Probe  
  25  2:28  Forge  
  26  2:32  Warp Gate  
  26  2:37  Adept  
  26  2:38  Gateway  
  28  2:57  Probe x2  
  28  2:58  Adept  
  32  3:14  Photon Cannon  
  32  3:18  Pylon  
  32  3:25  Adept  
  34  3:30  Probe  
  34  3:31  Assimilator  
  35  3:36  Stalker  
  35  3:37  Photon Cannon  
  37  3:42  Protoss Ground Weapons Level 1  
  37  3:55  Stalker, Twilight Council  
  37  4:01  Probe  
  40  4:03  Probe  
  40  4:09  Probe  
  42  4:19  Gateway  
  42  4:23  Adept  
  44  4:34  Charge  
  44  4:43  Stalker  
  46  4:48  Probe x2  
  48  5:00  Probe x2  
  48  5:04  Pylon  
  50  5:12  Zealot x2  
  54  5:22  Probe  
  53  5:38  Zealot x3  
  53  5:42  Gateway  
  55  5:44  Pylon  
  55  5:45  Pylon  
  55  5:49  Protoss Ground Weapons Level 2  
  55  5:56  Probe x2  
  57  5:58  Gateway  
  57  5:59  Stalker  
  57  6:00  Stalker  
  61  6:06  Zealot  
  61  6:08  Probe x2  
  65  6:15  Forge  
  65  6:29  Zealot x2  
  65  6:32  Probe x2  
  69  6:33  Dark Shrine  
  71  6:40  Probe  
  71  6:42  Pylon  
  71  6:44  Pylon  
  71  6:46  Pylon  
  72  6:50  Adept x2  
  72  7:15  Stalker  
  72  7:16  Stalker x4, Protoss Ground Armor Level 1  
  82  7:32  Nexus  
  82  8:01  Probe  
  82  8:02  Probe  
  82  8:04  Assimilator  
  84  8:06  Dark Templar x2  
  84  8:11  Zealot  
  84  8:12  Zealot x2  
  94  8:18  Pylon  
  94  8:19  Pylon  
  94  8:23  Pylon  
  94  8:24  Assimilator  
  94  8:28  Assimilator  
  94  8:29  Gateway  
  94  8:36  Dark Templar x2  
  94  8:38  Zealot  
  94  8:40  Zealot x2  
  104  8:42  Protoss Ground Weapons Level 3  
  104  8:59  Zealot  
  106  9:03  Gateway  
  106  9:04  Gateway  
  106  9:12  Zealot x3  
  106  9:13  Zealot  
  114  9:20  Zealot  
  116  9:35  Zealot x5, Probe  
  126  9:38  Probe  
  126  9:39  Probe  
  129  9:48  Zealot  
  129  9:50  Probe  
  129  9:51  Probe  
  113  10:15  Dark Templar  
  113  10:16  Dark Templar x3  
  113  10:17  Zealot  
  113  10:18  Zealot  
  91  10:34  Zealot x2  
  95  10:46  Dark Templar  
  95  10:48  Zealot x4  
  95  10:49  Zealot, Probe  
  109  10:50  Probe x2  
  110  11:02  Probe x3  
  113  11:05  Nexus  
  83  11:26  Dark Templar  
  83  11:27  Dark Templar  
  83  11:29  Zealot x5  
  83  11:30  Zealot  
  99  11:37  Probe x3  
  102  11:51  Probe x2  
  104  11:58  Robotics Facility  
  104  12:00  Robotics Facility  
  104  12:02  Robotics Facility  
  104  12:16  Dark Templar  
  104  12:18  Zealot x4  
  104  12:19  Zealot x3  
  104  12:21  Probe x3  
  123  12:25  Assimilator  
  123  12:26  Probe  
  123  12:27  Assimilator  
  124  12:31  Pylon  
  124  12:33  Probe, Pylon  
  125  12:38  Immortal x3  
  123  13:08  Dark Templar  
  85  13:30  Zealot x3  
  85  13:31  Zealot x4  
  99  13:39  Observer  
  99  13:40  Observer x2  
  102  13:54  Dark Templar x2  
  102  13:57  Dark Templar  
  104  14:09  Zealot x2  
  108  14:10  Zealot x4  
  116  14:19  Probe x4  
  121  14:31  Probe x4  
  121  14:33  Dark Templar  
  121  14:34  Dark Templar x3  
  132  14:43  Probe  
  132  14:44  Immortal  
  137  14:47  Probe x3  
  140  15:00  Forge  
  140  15:14  Immortal x3  
  140  15:16  Nexus  
  152  15:38  Sentry x4  
  145  15:54  Dark Templar x2  
  145  15:55  Dark Templar  
Show
View Real Time Build Order
Export as new Build Order

Zeratool Protoss 

Build Orders: Blink Stalkers 

Get SALT Encoding   

  12  0:00  Probe  
  13  0:16  Pylon  
  13  0:18  Probe  
  14  0:30  Probe  
  15  0:36  Gateway  
  15  0:42  Probe  
  16  0:45  Assimilator  
  16  0:53  Probe  
  17  1:02  Probe  
  17  1:10  Probe  
  19  1:21  Probe  
  19  1:25  Cybernetics Core  
  20  1:35  Probe  
  20  1:36  Assimilator  
  21  1:47  Probe  
  22  1:56  Nexus  
  22  2:00  Pylon  
  22  2:02  Probe  
  22  2:05  Warp Gate  
  23  2:15  Stalker  
  25  2:26  Gateway  
  25  2:28  Probe  
  26  2:39  Gateway  
  26  2:46  Stalker  
  28  2:55  Probe  
  29  3:07  Probe  
  29  3:12  Shield Battery  
  30  3:13  Probe  
  31  3:24  Twilight Council  
  31  3:25  Probe x2  
  33  3:37  Probe  
  33  3:38  Probe  
  35  3:43  Pylon  
  35  3:51  Probe x2  
  37  3:58  Blink  
  37  4:04  Probe x2  
  39  4:11  Stalker x3  
  39  4:14  Pylon  
  45  4:21  Probe x2  
  47  4:41  Probe  
  47  4:42  Probe  
  47  4:45  Assimilator  
  49  4:48  Assimilator  
  49  4:57  Probe x2  
  51  5:01  Stalker x2  
  51  5:02  Stalker  
  55  5:35  Stalker x3  
  57  5:58  Probe x2  
  57  5:59  Stalker  
  61  6:06  Pylon  
  61  6:10  Probe  
  62  6:18  Pylon  
  62  6:23  Probe  
  62  6:38  Stalker  
  62  6:39  Stalker x2  
  62  7:14  Stalker x2  
  62  7:15  Stalker  
  68  7:25  Templar Archives  
  68  7:27  Gateway  
  68  7:29  Gateway  
  68  7:32  Probe x2  
  70  7:38  Charge  
  70  7:52  Psionic Storm  
  70  8:04  Nexus  
  70  8:05  Pylon  
  70  8:08  Pylon  
  70  8:12  Gateway x2  
  70  8:14  Gateway  
  70  8:23  Probe x2  
  70  8:26  Pylon  
  72  8:27  Pylon  
  72  8:35  Robotics Facility, Probe x2  
  74  9:02  Probe x2  
  76  9:18  Probe x2  
  76  9:20  Probe  
  76  9:23  Assimilator  
  79  9:26  Assimilator, High Templar x5  
  79  9:27  High Templar x3  
  79  9:31  Archon x4  
  95  9:42  Gateway  
  95  9:44  Gateway  
  95  9:49  Probe x2  
  95  9:50  Probe  
  98  10:00  Zealot x3  
  98  10:01  Zealot x5  
  86  10:28  Zealot x2  
  86  10:29  Zealot x5  
  100  10:39  Observer  
  98  10:49  Zealot  
  101  10:50  Zealot x8  
  117  10:59  Pylon  
  117  11:00  Pylon  
  117  11:01  Pylon  
  117  11:10  Observer  
  117  11:11  Probe x2  
  89  11:30  High Templar x6  
  89  11:31  High Templar x4  
  109  11:37  Archon x2  
  109  11:38  Archon x3  
  109  11:56  Warp Prism, Nexus  
  109  12:00  Pylon  
  109  12:02  Pylon  
  109  12:03  Zealot x7  
  109  12:04  Zealot x3  
  131  12:18  Probe x3  
  134  12:31  Warp Prism  
  134  12:32  Zealot x4  
  134  12:33  Stalker x6  
  154  12:57  Stalker x5  
  70  13:44  Zealot x4  
  70  13:45  Zealot x5  
  70  13:47  Zealot  
  84  13:50  Probe x3  
  87  13:59  Pylon  
  87  14:01  Pylon, Warp Prism  
  89  14:06  Zealot x7  
  89  14:07  Zealot x3  
  109  14:19  Probe x3  
  112  14:26  Forge  
  112  14:28  Forge  
  112  14:31  High Templar x8  
  116  14:32  High Templar x2  
  116  14:35  Archon x4  
  116  14:36  Archon  
  116  14:37  Observer  
  133  14:41  Probe x2  
  133  14:42  Probe  
  133  14:43  Assimilator  
  135  14:47  Assimilator  
  135  14:53  Probe  
  135  14:54  Probe x2  
  138  15:00  Stargate  
  138  15:01  Stargate  
  138  15:03  Stargate  
  138  15:08  Stargate  
  138  15:16  Stalker x6  
  138  15:17  Stalker x3  
  138  15:18  Stalker  
  150  15:51  Fleet Beacon  
  148  16:01  Zealot x7  
  148  16:02  Zealot x3  
Show
View Real Time Build Order
Export as new Build Order

Outsider Zerg 

Build Orders: Pool First, Lurkers 

Get SALT Encoding   

  12  0:02  Drone  
  13  0:15  Drone  
  14  0:30  Spawning Pool  
  14  0:31  Drone  
  14  0:37  Extractor  
  14  0:38  Drone  
  14  0:45  Overlord  
  14  1:06  Drone  
  15  1:17  Zergling x4  
  15  1:18  Zergling x2  
  18  1:22  Queen  
  20  1:37  Metabolic Boost  
  20  1:53  Hatchery  
  19  1:57  Drone  
  19  2:00  Drone  
  21  2:04  Drone  
  22  2:18  Roach Warren  
  21  2:42  Drone  
  22  2:45  Overlord x2  
  20  3:15  Zergling x8  
  20  3:18  Queen  
  25  3:21  Drone  
  25  3:22  Drone x2  
  25  3:25  Extractor  
  25  3:26  Lair  
  27  3:31  Drone  
  28  3:35  Zergling x2  
  28  3:37  Zergling x2  
  30  3:43  Roach  
  30  3:46  Drone  
  33  3:51  Drone  
  33  3:53  Drone  
  36  3:55  Drone  
  36  3:59  Drone  
  36  4:02  Drone  
  38  4:04  Ravager  
  39  4:10  Roach  
  41  4:24  Roach  
  43  4:27  Overlord x2  
  43  4:33  Drone  
  44  4:47  Drone x5  
  44  4:48  Drone  
  50  4:54  Evolution Chamber  
  50  4:55  Evolution Chamber  
  50  4:57  Evolution Chamber  
  47  5:01  Hydralisk Den  
  47  5:07  Zergling x6  
  47  5:09  Ravager  
  46  5:30  Zerg Missile Weapons Level 1, Zerg Melee Weapons Level 1  
  46  5:35  Zergling x10  
  41  5:36  Zergling x2  
  43  5:43  Spine Crawler  
  43  5:46  Zergling x2  
  40  6:00  Drone x3  
  43  6:06  Queen  
  39  6:30  Hydralisk x5  
  39  6:32  Zergling x2  
  50  6:36  Muscular Augments  
  50  6:43  Drone x2  
  52  6:52  Drone x4  
  56  6:56  Extractor  
  56  6:57  Extractor  
  56  6:58  Drone x2  
  56  7:10  Lurker Den  
  56  7:13  Drone  
  56  7:20  Baneling Nest  
  55  7:31  Zergling x6, Roach  
  55  7:34  Overlord x3  
  60  7:40  Grooved Spines  
  60  7:59  Drone x5  
  65  8:07  Zerg Ground Armor Level 1  
  65  8:09  Zerg Missile Weapons Level 2  
  65  8:12  Zergling x6  
  68  8:13  Zergling x8  
  68  8:15  Baneling x2  
  68  8:16  Baneling x2  
  68  8:17  Baneling  
  72  8:26  Centrifugal Hooks  
  72  8:45  Hatchery, Drone x2  
  72  8:46  Drone x5  
  78  8:49  Zerg Melee Weapons Level 2  
  78  8:54  Glial Reconstitution  
  78  9:01  Roach x3  
  84  9:03  Overlord  
  84  9:08  Extractor  
  83  9:15  Extractor  
  82  9:17  Queen  
  84  9:27  Baneling x4  
  84  9:35  Lurker x3  
  87  9:39  Zergling x2  
  87  9:40  Zergling x8  
  87  9:42  Overlord x2  
  87  9:43  Overlord  
  52  10:17  Zergling x2  
  52  10:18  Zergling x12  
  52  10:19  Zergling x12  
  64  10:34  Zerg Ground Armor Level 2  
  64  10:45  Hatchery, Pneumatized Carapace  
  64  10:47  Overseer  
  63  10:53  Spore Crawler  
  58  11:14  Hydralisk x3  
  58  11:15  Hydralisk x3  
  58  11:31  Queen  
  60  11:38  Drone x5  
  60  11:39  Drone  
  66  11:43  Lurker x3  
  69  11:55  Lurker x3  
  72  12:05  Drone  
  72  12:06  Infestation Pit  
  72  12:08  Drone x5  
  76  12:09  Drone  
  80  12:18  Roach x3  
  80  12:19  Zergling x4, Roach  
  88  12:34  Zergling x6, Hydralisk x2  
  88  12:35  Roach x2, Hydralisk  
  98  13:16  Roach x2, Zergling x8  
  98  13:17  Zergling x4  
  98  13:18  Zergling x4  
  110  13:26  Drone  
  111  13:29  Baneling  
  111  13:30  Baneling x6  
  111  13:31  Baneling x3  
  111  13:37  Roach x3  
  111  13:39  Lurker x3  
  105  14:19  Hydralisk x6  
  105  14:20  Roach, Zergling x2  
  105  14:21  Roach  
  105  14:23  Overlord x4  
  105  14:24  Overlord  
  122  14:26  Hive  
  122  14:45  Zergling x6, Hatchery, Roach  
  125  14:46  Infestor, Hydralisk  
  125  14:47  Zergling x2  
  125  14:50  Lurker x3  
  125  14:51  Lurker  
  135  14:53  Hydralisk x2  
  139  15:08  Zergling x8, Roach x2  
  139  15:09  Zergling x2  
  148  15:30  Extractor  
  148  15:31  Extractor  
Tags
 
Add a new tag
Caveats
  • Supply blocks, unpowered buildings, or Contaminate may cause inaccurate times.
  • Supply counts are checked every 10 seconds.